 Dungeon Crawl Stone Soup version 0.22.1-2-g9c5b331 (webtiles) character file.

307 TheAlmogaver the Magician (level 6, -1/44 HPs)
             Began as a Gnoll Wizard on Dec 13, 2018.
             Slain by a worker ant (3 damage)
             ... on level 4 of the Dungeon.
             The game lasted 00:37:11 (4633 turns).

TheAlmogaver the Magician (Gnoll Wizard)            Turns: 4633, Time: 00:37:11

Health: -1/44      AC:  6    Str:  9    XL:     6   Next: 40%
Magic:  0/16       EV: 14    Int: 23    God:
Gold:   120        SH:  0    Dex: 13    Spells: 8/19 levels left

rFire    . . .     SeeInvis .   k - +4 quarterstaff (chaos)
rCold    . . .     Gourm    .   (shield currently unavailable)
rNeg     + . .     Faith    .   a - +0 robe
rPois    .         Spirit   .   b - +0 hat
rElec    .         Reflect  .   o - +2 cloak
rCorr    .         Harm     .   (no gloves)
MR       +....                  c - +0 pair of boots
Stlth    +++.......             (no amulet)
HPRegen  0.14/turn              g - ring of positive energy
MPRegen  0.15/turn              (no ring)

@: lethally poisoned (-1 -> -15)
A: distributed training, fangs 2, magic resistance 1, mutation resistance 1,
strong nose
a: no special abilities


You were on level 4 of the Dungeon.
You were not hungry.

You visited 1 branch of the dungeon, and saw 4 of its levels.

You collected 120 gold pieces.

Inventory:

Hand Weapons
 e - a +0 club
 h - a +2 antimagic scythe
 i - a +2 spear of flaming
 k - a +4 quarterstaff of chaos (weapon)
 n - a +0 mace of protection
 q - a +3 dagger
 s - a +0 blowgun
Armour
 a - a +0 robe (worn)
 b - a +0 hat (worn)
 c - a +0 pair of boots (worn)
 j - a +0 robe
 o - a +2 cloak (worn)
Jewellery
 g - a ring of positive energy (left hand)
Scrolls
 p - a scroll of magic mapping
 r - a scroll of identify
Comestibles
 d - 4 rations


   Skills:
 + Level 1.9 Fighting
 + Level 1.9 Short Blades
 + Level 1.9 Long Blades
 + Level 1.9 Axes
 + Level 1.9 Maces & Flails
 + Level 1.9 Polearms
 + Level 1.9 Staves
 + Level 1.9 Slings
 + Level 1.9 Bows
 + Level 1.9 Crossbows
 + Level 1.9 Throwing
 + Level 1.9 Armour
 + Level 4.9 Dodging
 + Level 4.5 Stealth
 + Level 1.9 Shields
 + Level 1.9 Unarmed Combat
 + Level 7.4 Spellcasting
 + Level 2.6 Conjurations
 + Level 1.5 Hexes
 + Level 1.5 Charms
 + Level 2.6 Summonings
 + Level 1.5 Necromancy
 + Level 2.6 Translocations
 + Level 1.5 Transmutations
 + Level 1.5 Fire Magic
 + Level 1.5 Ice Magic
 + Level 1.5 Air Magic
 + Level 1.5 Earth Magic
 + Level 1.5 Poison Magic
 + Level 2.1 Invocations
 + Level 1.9 Evocations


You had 8 spell levels left.
You knew the following spells:

 Your Spells              Type           Power        Failure   Level  Hunger
a - Magic Dart            Conj           ###.         2%          1    None
b - Blink                 Tloc           N/A          3%          2    None
c - Call Imp              Summ           ###.....     3%          2    None
d - Conjure Flame         Conj/Fire      ###.....     10%         3    None
e - Mephitic Cloud        Conj/Pois/Air  ###.....     11%         3    None

Your spell library contained the following spells:

 Spells                   Type           Power        Failure   Level  Hunger
 Slow                     Hex            ###.....     6%          2    None


Dungeon Overview and Level Annotations

Branches:
Dungeon (4/15)
 Temple: D:4-7

Altars:


Innate Abilities, Weirdness & Mutations

Your experience applies equally to all skills.
You have extremely sharp teeth.
Your uncanny sense of smell can sniff out nearby items.
You are resistant to hostile enchantments. (MR+)
You are somewhat resistant to further mutation.


Message History

Casting: Magic Dart (safe; 2% risk of failure)
Confirm with . or Enter, or press ? or * to list all spells.
Aiming: Magic Dart (safe; 2% risk of failure)
Press: ? - help, Shift-Dir - straight line, f - worker ant
Aim: a worker ant (heavily wounded)
The magic dart hits the worker ant.
The worker ant is heavily wounded.
* * * LOW HITPOINT WARNING * * *
You feel sick. The worker ant barely misses you.
The worker ant bites you but does no damage.
Casting: Magic Dart (safe; 2% risk of failure)
Confirm with . or Enter, or press ? or * to list all spells.
Aiming: Magic Dart (safe; 2% risk of failure)
Press: ? - help, Shift-Dir - straight line, f/p - worker ant
Aim: a worker ant (heavily wounded)
The magic dart hits the worker ant.
The worker ant is heavily wounded.
* * * LOW HITPOINT WARNING * * *
You feel sick. The worker ant bites you.
You die...

#.# #)# # #.# #.#.#
.#.## ...#
#..####.##
#@........
#######a#####.##
......lS.......# #.
..............O.
#.## #####.....#.###
...# # #.......#
#..#.# ###....†#.#
#..#.##....=...##..
#####...........#.##
#.#


You could see a worker ant, an adder and a leopard gecko.

Vanquished Creatures
  An orc priest (D:2)
  2 worker ants (D:4)
  An adder (D:2)
  An ooze (D:2)
  A worm (D:3)
  3 dart slugs
  A leopard gecko (D:2)
  6 orcs
  A giant cockroach (D:2)
  3 goblins
  7 hobgoblins
  A jackal (D:1)
  6 kobolds
  A ball python (D:2)
  4 bats
  4 frilled lizards
  10 rats
53 creatures vanquished.

Vanquished Creatures (collateral kills)
  Sigmund (D:2)
  A bullfrog (D:3)
  Crazy Yiuf (D:2)
  An adder (D:2)
  2 worms (D:2)
  5 orcs (D:3)
  2 goblins (D:2)
  2 kobolds
  A rat (D:2)
16 creatures vanquished.

Grand Total: 69 creatures vanquished

Notes
Turn   | Place    | Note
-------+----------+-------------------------------------------
     0 | D:1      | TheAlmogaver the Gnoll Wizard began the quest for the Orb.
     0 | D:1      | Reached XP level 1. HP: 13/13 MP: 8/8
   553 | D:1      | Reached XP level 2. HP: 19/19 MP: 7/10
  1423 | D:1      | Learned a level 2 spell: Blink
  1426 | D:1      | Learned a level 2 spell: Call Imp
  1997 | D:2      | Reached XP level 3. HP: 25/25 MP: 7/11
  2433 | D:2      | Noticed Sigmund
  2570 | D:2      | Killed Sigmund
  2570 | D:2      | Reached skill level 1 in Fighting
  2570 | D:2      | Reached skill level 1 in Short Blades
  2570 | D:2      | Reached skill level 1 in Long Blades
  2570 | D:2      | Reached skill level 1 in Axes
  2570 | D:2      | Reached skill level 1 in Maces & Flails
  2570 | D:2      | Reached skill level 1 in Polearms
  2570 | D:2      | Reached skill level 1 in Staves
  2570 | D:2      | Reached skill level 1 in Slings
  2570 | D:2      | Reached skill level 1 in Bows
  2570 | D:2      | Reached skill level 1 in Crossbows
  2570 | D:2      | Reached skill level 1 in Throwing
  2570 | D:2      | Reached skill level 1 in Armour
  2570 | D:2      | Reached skill level 1 in Shields
  2570 | D:2      | Reached skill level 1 in Unarmed Combat
  2570 | D:2      | Reached skill level 1 in Hexes
  2570 | D:2      | Reached skill level 1 in Charms
  2570 | D:2      | Reached skill level 1 in Necromancy
  2570 | D:2      | Reached skill level 1 in Transmutations
  2570 | D:2      | Reached skill level 1 in Fire Magic
  2570 | D:2      | Reached skill level 1 in Ice Magic
  2570 | D:2      | Reached skill level 1 in Air Magic
  2570 | D:2      | Reached skill level 1 in Earth Magic
  2570 | D:2      | Reached skill level 1 in Poison Magic
  2570 | D:2      | Reached skill level 1 in Invocations
  2570 | D:2      | Reached skill level 1 in Evocations
  2570 | D:2      | Reached XP level 4. HP: 30/32 MP: 5/13
  2570 | D:2      | Reached XP level 5. HP: 35/37 MP: 5/14
  3412 | D:2      | Found a runed door.
  3416 | D:2      | Noticed Crazy Yiuf
  3424 | D:2      | Killed Crazy Yiuf
  3696 | D:2      | Learned a level 3 spell: Conjure Flame
  3700 | D:2      | Learned a level 3 spell: Mephitic Cloud
  4417 | D:3      | Reached XP level 6. HP: 39/44 MP: 4/16
  4508 | D:3      | Gained mutation: You are resistant to hostile enchantments.
                  | (MR+) [potion of mutation]
  4508 | D:3      | Gained mutation: You have extremely sharp teeth. [potion of
                  | mutation]
  4508 | D:3      | Gained mutation: You are somewhat resistant to further
                  | mutation. [potion of mutation]
  4633 | D:4      | HP: 2/44 [poisoned by a worker ant]
  4633 | D:4      | Slain by a worker ant

Skill      XL: |  1  2  3  4  5  6 |
---------------+-------------------+-----
Conjurations   | 2 |  2.6
Summonings     | 2 |  2.6
Translocations | 2 |  2.6
Fighting       | 1 |  1.9
Short Blades   | 1 |  1.9
Long Blades    | 1 |  1.9
Axes           | 1 |  1.9
Maces & Flails | 1 |  1.9
Polearms       | 1 |  1.9
Staves         | 1 |  1.9
Slings         | 1 |  1.9
Bows           | 1 |  1.9
Crossbows      | 1 |  1.9
Throwing       | 1 |  1.9
Armour         | 1 |  1.9
Shields        | 1 |  1.9
Unarmed Combat | 1 |  1.9
Hexes          | 1 |  1.5
Charms         | 1 |  1.5
Necromancy     | 1 |  1.5
Transmutations | 1 |  1.5
Fire Magic     | 1 |  1.5
Ice Magic      | 1 |  1.5
Air Magic      | 1 |  1.5
Earth Magic    | 1 |  1.5
Poison Magic   | 1 |  1.5
Invocations    | 1 2 |  2.1
Evocations     | 1 |  1.9
Dodging        | |  4.9
Stealth        | |  4.5
Spellcasting   | |  7.4

Action                   |  1- 3 |  4- 6 || total
-------------------------+-------+-------++-------
Melee: Quarterstaff      |       |    11 ||    11
 Cast: Magic Dart        |    58 |    58 ||   116
       Call Imp          |    12 |    34 ||    46
       Blink             |       |     7 ||     7
       Mephitic Cloud    |       |     3 ||     3
  Use: Potion            |     6 |     3 ||     9
       Scroll            |     5 |     5 ||    10
  Eat: Ration            |     1 |     2 ||     3
       Chunk             |     1 |       ||     1
Armor: Robe              |     3 |    24 ||    27
Dodge: Dodged            |     2 |    37 ||    39
